 Dungeon Crawl Stone Soup version 0.27-a0-1500-g450c7e4133 (webtiles) character file.

Game seed: 5421492532828586746

65844 quinnr the Stormcaller (level 15, -1/92 HPs)
             Began as a Tengu Air Elementalist on July 7, 2021.
             Was an Elder of Vehumet.
             Slain by an orc warrior (12 damage)
             ... on level 1 of the Orcish Mines.
             The game lasted 01:52:34 (37559 turns).

quinnr the Stormcaller (Tengu Air Elementalist)    Turns: 37559, Time: 01:52:35

Health: -1/92      AC:  6    Str: 10    XL:     15   Next: 17%
Magic:  27/27      EV: 18    Int: 21    God:    Vehumet [****..]
Gold:   1162       SH: 10    Dex: 14    Spells: 3/29 levels left

rFire    . . .     SeeInvis .   S - staff of air
rCold    + . .     Faith    .   C - +0 buckler
rNeg     + . .     Spirit   .   F - +2 robe {Will+}
rPois    .         Reflect  +   (helmet restricted)
rElec    +         Harm     .   L - +0 cloak
rCorr    .         Rampage  .   g - +0 pair of gloves
Will     ++...                  (boots unavailable)
Stlth    +++.......             f - amulet of reflection
HPRegen  0.25/turn              W - ring of positive energy
MPRegen  0.20/turn              M - ring of protection from cold

@: flying quickly and evasively, studying Shields, quick
A: beak, talons 3, nimble flight
a: Renounce Religion


You were on level 1 of the Orcish Mines.
You worshipped Vehumet.
Vehumet was greatly pleased with you.
You visited 4 branches of the dungeon, and saw 20 of its levels.
You also visited: Ossuary.

You collected 1386 gold pieces.
You spent 224 gold pieces at shops.

Inventory:

Hand Weapons
 U - the +1 trident of Expedience {drain, Str+5}
   (You found it on level 1 of the Lair of Beasts)

   A truly terrible weapon, it drains the life of those it strikes.
   Str:       It affects your strength (+5).
Missiles
 l - 15 javelins
 A - a throwing net
 B - 14 curare-tipped darts
Armour
 g - a +0 pair of gloves (worn)
 C - a +0 buckler (worn)
 F - a +2 robe of willpower (worn)
 I - a +2 robe of positive energy
 L - a +0 cloak (worn)
Magical Staves
 h - a staff of earth
 D - a staff of poison
 S - a staff of air (weapon)
Jewellery
 b - a ring of fire
 c - the ring of Pybourid {rN+ Will+ rCorr Str+3 Int-5}
   (You acquired it on level 4 of the Dungeon)

   [ring of willpower]

   Str:       It affects your strength (+3).
   Int:       It affects your intelligence (-5).
   rN:        It protects you from negative energy.
   rCorr:     It protects you from acid and corrosion.
   Will:      It increases your willpower.
 f - an amulet of reflection (around neck)
 t - a +6 ring of intelligence
 M - a ring of protection from cold (right hand)
 W - a ring of positive energy (left hand)
Wands
 a - a wand of iceblast (5)
 o - a wand of mindburst (11)
 z - a wand of paralysis (6)
 H - a wand of digging (8)
 O - a wand of polymorph (12)
 P - a wand of charming (5)
 T - a wand of flame (17)
Scrolls
 k - 6 scrolls of enchant weapon
 m - 5 scrolls of enchant armour
 p - a scroll of summoning
 q - 6 scrolls of teleportation
 r - a scroll of holy word
 s - a scroll of immolation
 u - 3 scrolls of torment
 w - 2 scrolls of silence
 x - 5 scrolls of magic mapping
 y - 4 scrolls of noise
 J - 3 scrolls of identify
 K - 2 scrolls of fog
 N - a scroll of fear
 V - 2 scrolls of blinking
 X - 4 scrolls of amnesia
Potions
 d - 2 potions of berserk rage
 e - 3 potions of brilliance
 i - 2 potions of curing
 j - 2 potions of attraction
 n - 3 potions of haste
 v - 3 potions of might
 E - a potion of resistance
 G - 2 potions of invisibility
 Q - 2 potions of lignification
 Y - a potion of heal wounds
 Z - a potion of ambrosia


   Skills:
 - Level 10.0 Fighting
 - Level 2.6 Short Blades
 - Level 7.0 Dodging
 - Level 4.0 Stealth
 - Level 4.0 Shields
 + Level 7.9 Spellcasting
 - Level 13.2 Conjurations
 + Level 19.9 Air Magic
 - Level 9.7 Evocations


You had 3 spell levels left.
You knew the following spells:

 Your Spells              Type           Power      Damage    Failure   Level
a - Shock                 Conj/Air       100%       1d9       0%          1
b - Airstrike             Air            47%        N/A       0%          4
c - Conjure Ball Lightni  Conj/Air       43%        3x3d15    1%          6
d - Freezing Cloud        Conj/Ice/Air   35%        6-21      1%          5
e - Mephitic Cloud        Conj/Pois/Air  70%        N/A       1%          3
f - Poisonous Vapours     Pois/Air       100%       N/A       1%          2
g - Silence               Hex/Air        33%        N/A       3%          5

Your spell library contained the following spells:

 Spells                   Type           Power      Damage    Failure   Level
 Conjure Flame            Conj/Fire      36%        6-21      1%          3
 Static Discharge         Conj/Air       87%        N/A       0%          2
 Swiftness                Air            95%        N/A       0%          3
 Dazzling Flash           Conj/Hex       72%        N/A       1%          3
 Corona                   Hex            8%         N/A       9%          1
 Pain                     Necr           32%        1d5       9%          1
 Ensorcelled Hibernation  Hex/Ice        16%        N/A       12%         2
 Call Canine Familiar     Summ           8%         N/A       24%         3
 Ozocubu's Armour         Ice            8%         N/A       24%         3
 Portal Projectile        Hex/Tloc       16%        N/A       24%         3
 Summon Guardian Golem    Hex/Summ       8%         N/A       24%         3
 Tukima's Dance           Hex            8%         N/A       24%         3
 Hailstorm                Conj/Ice       36%        3d9       1%          4
 Iskenderun's Battlesphe  Conj           59%        2d11      1%          5
 Fireball                 Conj/Fire      18%        3d9       4%          5
 Orb of Destruction       Conj           29%        9d11      8%          7
 Starburst                Conj/Fire      18%        8x6d7     21%         6
 Ice Form                 Ice/Tmut       8%         N/A       63%         4
 Leda's Liquefaction      Hex/Erth       4%         N/A       63%         4
 Petrify                  Tmut/Erth      8%         N/A       63%         4
 Spellforged Servitor     Conj/Summ      18%        N/A       71%         7
 Agony                    Necr           8%         N/A       92%         5
 Blade Hands              Tmut           4%         N/A       92%         5
 Excruciating Wounds      Necr           4%         N/A       92%         5
 Metabolic Englaciation   Hex/Ice        4%         N/A       92%         5
 Dispersal                Tloc           4%         N/A       100%        6
 Simulacrum               Ice/Necr       4%         N/A       100%        6
 Statue Form              Tmut/Erth      5%         N/A       100%        6
 Ozocubu's Refrigeration  Ice            4%         4d5       100%        7
 Disjunction              Tloc           4%         N/A       100%        8
 Ignition                 Fire           4%         3d4       100%        8


Dungeon Overview and Level Annotations

Branches:
Dungeon (12/15)            Temple (1/1) D:6            Lair (6/6) D:11
  Swamp (0/4) Lair:2       Spider (0/4) Lair:3        Slime (0/5) Lair:6
    Orc (1/2) D:12        Ossuary (visited)

Altars:
Ashenzari
Cheibriados
Dithmenos
Elyvilon
Fedhas
Gozag
Hepliaklqana
Kikubaaqudgha
Makhleb
Nemelex Xobeh
Okawaru
Qazlal
Ru
Sif Muna
Trog
Uskayaw
Vehumet
Wu Jian
Xom
Yredelemnul
Zin
The Shining One

Shops:
D:2 :   D:7 (   D:8 ?   D:12 [


Innate Abilities, Weirdness & Mutations

You have a beak for a mouth.
You have claws for feet.
Your magical nature lets you fly swiftly and evasively.


Message History

The troll is engulfed in freezing vapours.
The ogre is engulfed in freezing vapours.
You kill the ogre!
Vehumet accepts your kill.
You feel your power returning.
The troll is engulfed in freezing vapours.
You kill the troll!
Vehumet accepts your kill.
HP restored.
Magic restored.
You see here a +0 giant club.
You see here a troll corpse.
Things that are here:
a +0 club; an orc corpse
(D) Dungeon (T) Temple (L) Lair (S) Swamp (N) Spider Nest (M) Slime Pits (O) Orcish Mines
Where to? (Enter - Orc:1, ? - help)
What level of the Lair of Beasts? (default 1, ? - help)
Okay, then.
Unknown command.
(D) Dungeon (T) Temple (L) Lair (S) Swamp (N) Spider Nest (M) Slime Pits (O) Orcish Mines
Where to? (Enter - Orc:1, ? - help)
What level of the Orcish Mines? (default 1, ? - help)
There is a staircase to the Orcish Mines, spattered with blood here.
You fly downwards.
Welcome back to the Orcish Mines!
The orc completely misses you. You block the ettin's attack.
The ettin barely misses you. The orc hits you with a +0 dagger.
The orc completely misses you.
The ettin hits you with a +0 dire flail.
The ettin hits you with a +0 dire flail!
The orc barely misses you.
There is a staircase back to the Dungeon, spattered with blood here.
You block the orc's attack.
The ettin hits you with a +0 dire flail!
The ettin hits you with a +0 dire flail!!!
Ouch! That really hurt!
* * * LOW HITPOINT WARNING * * *
The orc warrior hits you with a +0 flail!
You die...

... ..........
..#...#......
..#...>.....
$## ...$.......
.(.. ........ .
..... ..>.. ...
......#oC#.....
....)[o@.......
.......o.......
...............
.............^.
..$...$........
.$........##.##
.........## ..#
.#.#...$## .#


You could see an ettin, an orc warrior and 2 orcs.

Vanquished Creatures
  The ghost of Likado the Covert, a journeyman GnDe of Fedhas (Lair:5)
  6 dire elephants
  Josephine (D:12)
  6 hydras
  4 boulder beetles
  A catoblepas (D:12)
  The ghost of DrabberRogue the Protected, a journeyman HuFi of Elyvilon (D:10)
  A centaur warrior (D:10)
  2 two-headed ogres
  A spectral dire elephant (Lair:6)
  An orc high priest (Orc:1)
  A spectral death yak (Lair:6)
  A spectral anaconda (Lair:6)
  An obsidian statue (Lair:6)
  3 necromancers (Lair:6)
  A deep elf pyromancer (D:12)
  An orc sorcerer (D:12)
  2 ugly things
  3 cyclopes
  28 elephants
  A dire elephant zombie (Lair:6)
  4 black mambas
  10 cane toads
  3 gargoyles
  A dire elephant skeleton (Lair:6)
  2 unseen horrors (D:12)
  4 rime drakes
  10 komodo dragons
  2 ice devils (Lair:2)
  3 trolls (D:12)
  5 polar bears
  A tyrant leech (shapeshifter) (D:12)
  4 blink frogs (Lair:2)
  A dream sheep (Lair:6)
  A slime creature (D:12)
  4 spectral elephants (Lair:6)
  Sigmund (D:5)
  3 wraiths
  2 spriggans (Lair:3)
  5 wyverns
  4 basilisks
  41 yaks
  2 vampire mosquitoes (D:12)
  A death yak simulacrum (Lair:6)
  Menkaure (D:7)
  3 wargs
  A steam dragon (Lair:5)
  4 spectral cane toads (Lair:6)
  12 water moccasins
  5 sky beasts
  A black bear (shapeshifter) (D:12)
  An elephant zombie (Lair:6)
  An ice beast (D:6)
  2 black bears
  2 orc warriors (Orc:1)
  2 necrophages
  3 ogres
  A phantom (D:6)
  14 wolves
  2 centaurs
  4 elephant skeletons (Lair:6)
  6 kobold brigands
  5 scorpions
  An elf zombie (Ossuary)
  Blork the orc (D:4)
  17 bullfrogs
  A water moccasin zombie (D:5)
  4 cane toad simulacra (Lair:6)
  A water moccasin skeleton (D:5)
  An elephant simulacrum (Lair:6)
  5 killer bees (D:9)
  2 howler monkeys (D:7)
  An electric eel (Lair:4)
  10 centaur zombies
  A jelly (D:4)
  A hound (D:4)
  2 orc priests (D:7)
  2 human zombies (Ossuary)
  A centaur skeleton (D:4)
  2 iguanas
  4 orc wizards
  8 hell rats
  A mummy (Ossuary)
  Robin (D:4)
  7 adders
  8 gnolls
  7 river rats (Lair:1)
  A white imp (D:5)
  An adder zombie (Ossuary)
  2 worms
  2 dart slugs
  25 orcs
  2 endoplasms
  10 giant cockroaches
  11 goblins
  5 hobgoblins
  5 jackals
  6 quokkas
  4 ball pythons
  4 bats
  A frilled lizard (D:1)
  A goblin zombie (Ossuary)
  6 hobgoblin zombies (Ossuary)
  22 kobolds
  12 kobold zombies (Ossuary)
  8 orc zombies (Ossuary)
  9 rats
  3 rat zombies (Ossuary)
480 creatures vanquished.

Vanquished Creatures (collateral kills)
  4 ball lightnings
4 creatures vanquished.

Vanquished Creatures (others)
  65 ball lightnings
  44 fungi
  55 plants
  30 withered plants (Lair:6)
194 creatures vanquished.

Grand Total: 678 creatures vanquished

Notes
Turn   | Place    | Note
-------+----------+-------------------------------------------
     0 | D:1      | quinnr the Tengu Air Elementalist began the quest for the
                  | Orb.
     0 | D:1      | Reached XP level 1. HP: 10/10 MP: 4/4
   288 | D:1      | Found a faded altar of an unknown god.
   399 | D:1      | Reached XP level 2. HP: 10/15 MP: 0/6
   612 | D:1      | Reached skill level 1 in Short Blades
  1245 | D:2      | Reached XP level 3. HP: 19/19 MP: 5/7
  1357 | D:2      | Reached skill level 5 in Air Magic
  1519 | D:2      | Found a snail-covered altar of Cheibriados.
  1599 | D:2      | Found Zacaokeugu's Book Shoppe.
  1674 | D:2      | Reached XP level 4. HP: 24/24 MP: 5/8
  1855 | D:2      | You fall into a shaft and drop 1 floor!
  2714 | D:3      | Learned a level 4 spell: Airstrike
  3061 | D:4      | Identified a scroll of acquirement
  3061 | D:4      | quinnr: ??int
  3061 | D:4      | beem: int[1/2]: Affects your spell casting success, your
                  | spell power and your spell hunger. When it reaches 0, you
                  | become {brainless}.
  3061 | D:4      | Acquired the ring of Pybourid {rN+ Will+ rCorr Str+3 Int-5}
  3234 | D:4      | Reached skill level 6 in Air Magic
  3234 | D:4      | Gained mutation: Your magical nature lets you fly swiftly
                  | and evasively. [Tengu growth]
  3234 | D:4      | Reached XP level 5. HP: 21/28 MP: 3/9
  3234 | D:4      | quinnr: ??portal
  3234 | D:4      | beem: portal[1/1]: You may be looking for {portal vault} or
                  | {portal card}. Also used to be a spell that teleported you
                  | across levels in the main Dungeon.
  3234 | D:4      | quinnr: ??portal vault
  3234 | D:4      | beem: portal vault[1/3]: A vault on its own separate
                  | map/maps, entered through a portal (same symbol as e.g. the
                  | Hell entrance). Portal vaults include gauntlets, bazaars,
                  | treasure troves, ziggurats, sewers, ossuaries, baileys, ice
                  | caves, volcanoes, and wizlabs. Each vault type has its own
                  | entry in the learndb; see it for details.
  3234 | D:4      | quinnr: ??portal vault[2
  3234 | D:4      | beem: portal distance[1/1]: Portal distance by adjective:
                  | very distant, >30; distant, >15; nearby, >7.
  3234 | D:4      | quinnr: ??portal vault[3
  3234 | D:4      | beem: portal vault[3/3]: Words indicating the time left
                  | until the portal closes, from most to least: slow, no
                  | adjective, brisk, quick, rapid
  3313 | D:4      | Noticed Robin
  3340 | D:4      | Killed Robin
  3346 | D:4      | Reached skill level 7 in Air Magic
  3378 | D:4      | Found a sand-covered staircase.
  3385 | Ossuary  | Entered an ossuary
  3568 | Ossuary  | quinnr: ??trap
  3568 | Ossuary  | beem: trap[1/3]: Traps cause a nasty effect when you or
                  | monsters walk on a trapped terrain or, with a small chance,
                  | each time you first reveal a new square, unless you worship
                  | Ashenzari. Explorations trap effects are {alarm trap},
                  | {shaft trap}, and {teleport trap}. Terrain traps
                  | additionally include: {disperal trap}, {net trap}, {web},
                  | {pressure plate}, and {zot trap}.
  3568 | Ossuary  | quinnr: ??slarm trap
  3568 | Ossuary  | beem: slarm trap ~ alarm trap[1/4]: Makes a 'loud' noise
                  | and {mark}s you. Monsters stepping on this in LOS will also
                  | apply this effect to you! The noise value is 25; see {how
                  | loud} for a comparison.
  3568 | Ossuary  | quinnr: ??slarm trap[2
  3568 | Ossuary  | beem: slarm trap ~ alarm trap ~ sentinel's mark[1/2]:
                  | Reveals your location to all awake monsters on the level
                  | while in effect, and makes them more able to pathfind
                  | towards you. Caused by vault sentinels, alarm traps, and
                  | Dithmenos wrath. {potion of cancellation} removes this!
  3568 | Ossuary  | quinnr: ??slarm trap[3
  3568 | Ossuary  | beem: slarm trap ~ alarm trap[3/4]: Prior to 0.12, alarm
                  | traps could be triggered multiple times and only made
                  | noise.
  3568 | Ossuary  | quinnr: ??slarm trap[4
  3568 | Ossuary  | beem: slarm trap ~ alarm trap[4/4]: One of the loudest
                  | things in the game, tied with orbs of destruction colliding
                  | and with the {shield of the gong}.
  3568 | Ossuary  | quinnr: ??trap[3
  3568 | Ossuary  | beem: trap[3/3]: Prior to 0.23, monsters stepping on alarm
                  | traps in LOS didn't mark the player. Prior to 0.12, alarm
                  | traps only made noise and could be triggered 1-3 times.
                  | Prior 0.8, they made less noise, and prior to 0.6, they
                  | could be triggered any number of times.
  3622 | Ossuary  | Reached XP level 6. HP: 14/32 MP: 2/10
  3628 | Ossuary  | Reached skill level 8 in Air Magic
  3972 | Ossuary  | Reached skill level 9 in Air Magic
  4267 | D:4      | Reached XP level 7. HP: 36/36 MP: 2/11
  4425 | D:4      | Reached skill level 10 in Air Magic
  4540 | D:4      | Noticed Blork the orc
  4542 | D:4      | Killed Blork the orc
  4951 | D:5      | Entered Level 5 of the Dungeon
  5116 | D:5      | quinnr: ??!
  5116 | D:5      | beem: ]![1/3]: ! adds an annotation to your current floor.
                  | ! (glyph) represents a potion. See ![2] for !'s on hit.
  5116 | D:5      | quinnr: ??![2
  5116 | D:5      | beem: ]![2/3]: If you hit something and the message ends
                  | with !, that means you did 7-17 damage. !!: 18-35. !!!:
                  | 36-71. !!!!: 72-143. !!!!!: 144-287. !!!!!!: 288+; and so
                  | on. Yikes!
  5125 | D:5      | Reached skill level 11 in Air Magic
  5144 | D:5      | Reached XP level 8. HP: 41/41 MP: 0/12
  5622 | D:5      | HP: 4/41 [sky beast (5)]
  6653 | D:5      | Noticed Sigmund
  6764 | D:5      | quinnr: ??scythe
  6764 | D:5      | beem: scythe[1/2]: (polearms; -4 acc / 14 dam / 2.0 base
                  | delay / 0.7 min delay; two handed). The weapon of choice of
                  | Sigmund and reapers. It's not worth picking up (unless it
                  | happens to be the {scythe of curses} or {Finisher}).
                  | Scythes chop hydra heads.
  6766 | D:5      | Killed Sigmund
  6987 | D:6      | Reached skill level 12 in Air Magic
  7471 | D:6      | Reached XP level 9. HP: 45/45 MP: 2/16
  7979 | D:6      | Found a staircase to the Ecumenical Temple.
  8029 | Temple   | Entered the Ecumenical Temple
  8070 | Temple   | Became a worshipper of Vehumet
  8293 | D:6      | Found a basalt altar of Yredelemnul.
  8627 | D:7      | Noticed a gargoyle
  9143 | D:7      | Reached skill level 5 in Spellcasting
  9144 | D:7      | Noticed Menkaure
  9371 | D:7      | Found Borgh's Weapon Shoppe.
  9376 | D:7      | Killed Menkaure
  9377 | D:7      | Reached skill level 13 in Air Magic
  9651 | D:7      | You are sucked into a shaft and drop 3 floors!
  9651 | D:10     | Entered Level 10 of the Dungeon
  9766 | D:10     | Found a shimmering altar of Xom.
  9767 | D:10     | Found a shimmering altar of Xom.
  9767 | D:10     | Found a shimmering altar of Xom.
  9767 | D:10     | Found a shimmering altar of Xom.
  9768 | D:10     | Found a shimmering altar of Xom.
  9770 | D:10     | Found a shimmering altar of Xom.
  9770 | D:10     | Found a shimmering altar of Xom.
  9777 | D:10     | Found a runed translucent door.
  9779 | D:10     | Noticed DrabberRogue's ghost (journeyman HuFi)
  9779 | D:10     | Noticed a green ugly thing
  9977 | D:10     | Reached * piety under Vehumet
  9977 | D:10     | Offered knowledge of Magic Dart by Vehumet.
  9978 | D:10     | Reached skill level 14 in Air Magic
 10107 | D:10     | Reached skill level 1 in Fighting
 10107 | D:10     | Reached skill level 1 in Shields
 10126 | D:10     | Learned a level 6 spell: Conjure Ball Lightning
 10188 | D:10     | Noticed a fire crab
 10206 | D:9      | Reached XP level 10. HP: 53/53 MP: 13/18
 10809 | D:8      | quinnr: ??door
 10809 | D:8      | beem: door[1/3]: A thing you can close to break LOS/stop
                  | unintelligent monsters from getting past. Doors: Not just
                  | for opening!
 11230 | D:8      | Found a hide-covered altar of Uskayaw.
 11679 | D:7      | Learned a level 5 spell: Freezing Cloud
 11683 | D:7      | Learned a level 3 spell: Mephitic Cloud
 11700 | D:7      | Killed a gargoyle
 12042 | D:8      | Found an opulent altar of Gozag.
 12059 | D:8      | Found Moaguk's Magic Scroll Shop.
 12067 | D:8      | Bought a scroll of identify for 32 gold pieces
 12067 | D:8      | Bought a scroll of identify for 32 gold pieces
 12067 | D:8      | Bought a scroll of identify for 32 gold pieces
 12067 | D:8      | Bought a scroll of fog for 32 gold pieces
 12067 | D:8      | Bought a scroll of teleportation for 48 gold pieces
 12067 | D:8      | Bought a scroll of teleportation for 48 gold pieces
 13319 | D:10     | Reached skill level 5 in Fighting
 13581 | D:10     | Noticed a centaur warrior
 13584 | D:10     | Killed a centaur warrior
 13868 | D:10     | Found a white marble altar of Elyvilon.
 13868 | D:10     | Found a shimmering blue altar of Sif Muna.
 14127 | D:11     | Noticed a two-headed ogre
 14138 | D:11     | quinnr: ??scroll of fear
 14138 | D:11     | beem: scroll of fear[1/5]: Scares monsters away from your
                  | current position, with a chance to save based on Will. Only
                  | affects living, non-berserk monsters. They can still use
                  | ranged attack while fleeing. Also a level 4 hexes spell
                  | "Cause Fear" with similar effect (same as the scroll at 134
                  | power and above).
 14138 | D:11     | quinnr: ??scroll of fear[2
 14138 | D:11     | beem: scroll of fear[2/5]: Very useful if you're trying to
                  | run away from something living that matches or exceeds your
                  | speed.
 14138 | D:11     | quinnr: ??scroll of fear[3
 14138 | D:11     | beem: scroll of fear[3/5]: i read a scroll of fear and it
                  | was running away but it was still shooting me with barbs
                  | why because that's what fear does isnt it great
 14166 | D:11     | Reached skill level 5 in Dodging
 14166 | D:11     | Reached XP level 11. HP: 55/63 MP: 4/21
 14324 | D:11     | Learned a level 2 spell: Poisonous Vapours
 14608 | D:11     | Found a staircase to the Lair.
 14717 | D:11     | Killed a two-headed ogre
 14718 | D:11     | Reached skill level 5 in Conjurations
 14912 | D:11     | Noticed a seven-headed hydra
 14916 | D:11     | Killed a seven-headed hydra
 15503 | D:12     | Noticed a two-headed ogre
 15508 | D:12     | Killed a two-headed ogre
 15621 | D:12     | quinnr: ??sinv
 15621 | D:12     | beem: see invisible[1/3]: Self-explanatory. No combat
                  | penalties, can aim at invisible things correctly, etc. --
                  | everything in {invisibility}. Some monsters have {sense
                  | invisible} instead. The ability for PCs comes in ring,
                  | helmet or cap ego, and mutation form.
 15621 | D:12     | quinnr: ??sinv[2
 15621 | D:12     | beem: see invisible[2/3]: Memorise See Invisible? It hits
                  | you but does no damage. Your memorisation is interrupted.
 15621 | D:12     | quinnr: ??sinv[3
 15621 | D:12     | beem: see invisible[3/3]: N78291: here is a quick reference
                  | guide on monster see invisible: yes
 15886 | D:11     | quinnr: ??invisible
 15886 | D:11     | beem: invisibility[1/5]: If you are invisible, monsters
                  | won't shoot ranged attacks at you unless they can see you,
                  | or can guess where you are. Monsters get a random fuzz to
                  | their aiming point, which might be inaccurate in the first
                  | place.
 15886 | D:11     | quinnr: ??invisible[2
 15886 | D:11     | beem: invisibility[2/5]: Monsters can guess your position
                  | when you are invisible if they knew your position before
                  | and you are still within two spaces, if you are in water,
                  | or if they are adjacent to you and make a roll based on
                  | their intelligence (usually 1 chance in 3). The chance is
                  | higher if they are smarter.
 15886 | D:11     | quinnr: ??invisible[3
 15886 | D:11     | beem: invisibility[3/5]: Beams shot at you by monsters who
                  | can't see you (even if they can sense you) have their
                  | accuracy cut in half. Monsters trying to melee you without
                  | see invisible and who have correctly guessed your location
                  | have their accuracy reduced by 35%.
 15886 | D:11     | quinnr: ??invisible[4
 15886 | D:11     | beem: invisibility[4/5]: If you are invisible, and don't
                  | have see invisible, you receive -5 to hit (same as amulet
                  | of inaccuracy). If you are attacking a monster you cannot
                  | see, you receive -6 to hit. (These stack, of course). Your
                  | accuracy is no longer reduced when invisible with no SInv
                  | in 0.18+.
 15886 | D:11     | quinnr: ??invisible[5
 15886 | D:11     | beem: invisibility[5/5]: Fleeing monsters always know which
                  | way is away from you whether they can sense you or not.
 15886 | D:11     | quinnr: @?unseen horror
 15886 | D:11     | beem: unseen horror (x)
                  | Spd:
    30 | HD: 7    | HP: 31-47
                  | | AC/EV: 5/10
                  | Dam: 12
                  | see invisible
                  | Res: magic(20)
                  | | XP:
   736 | Sz: Medium | Int: animal.
 16026 | D:12     | Noticed Josephine
 16036 | D:12     | Killed Josephine
 16253 | D:12     | Noticed a cyclops
 16268 | D:12     | Killed a cyclops
 16432 | D:12     | Noticed a cyan ugly thing
 16436 | D:12     | Killed a cyan ugly thing
 16671 | D:12     | Found Ydwaothrukh's Antique Armour Emporium.
 16674 | D:12     | Noticed a deep elf pyromancer
 16679 | D:12     | Killed a deep elf pyromancer
 16709 | D:12     | Found a staircase to the Orcish Mines.
 16747 | D:12     | Noticed a catoblepas
 16753 | D:12     | Reached XP level 12. HP: 27/70 MP: 5/23
 17186 | D:12     | Killed a catoblepas
 17590 | D:12     | Noticed a boulder beetle
 17601 | D:12     | Killed a boulder beetle
 17602 | D:12     | Reached skill level 10 in Conjurations
 17728 | D:12     | Reached skill level 15 in Air Magic
 18028 | Lair:1   | Entered Level 1 of the Lair of Beasts
 18029 | Lair:1   | Found a shimmering blue altar of Sif Muna.
 18141 | Lair:1   | Identified the +1 trident of Expedience {drain, Str+5}
 18222 | Lair:1   | Offered knowledge of Sandblast by Vehumet.
 18268 | Lair:1   | Reached ** piety under Vehumet
 19784 | Lair:2   | Noticed a boulder beetle
 19791 | Lair:2   | Killed a boulder beetle
 19791 | Lair:2   | HP: 2/72 [spore (28)]
 19792 | Lair:2   | Reached skill level 16 in Air Magic
 20190 | Lair:2   | Found a staircase to the Swamp.
 20273 | Lair:2   | Found a frozen archway.
 20603 | Lair:2   | Offered knowledge of Searing Ray by Vehumet.
 20701 | Lair:2   | quinnr: ??scroll of enchant armor
 20701 | Lair:2   | beem: I don't have a page labeled scroll_of_enchant_armor
                  | in my learndb.
 20701 | Lair:2   | quinnr: ??enchant armor
 20701 | Lair:2   | beem: enchant armor ~ enchant armour[1/1]: This scroll will
                  | enchant body armour in steps of 1 until their base ac,
                  | bardings to +4, shields to +3/+5/+8, and hats, gloves,
                  | cloaks, and boots to +2.
 20720 | Lair:2   | quinnr: ??freezing cloud
 20720 | Lair:2   | beem: freezing cloud[1/3]: Fills 8-10 squares (by flood
                  | fill from the target point -- this can be manipulated, as
                  | it won't fill a square that already has a cloud) with
                  | clouds doing cold damage. (Conjurations/Ice/Air 6). In
                  | 0.27, level 5 instead.
 20720 | Lair:2   | quinnr: ??freezing cloud[2
 20720 | Lair:2   | beem: freezing cloud[2/3]: kills things dead, but lasts for
                  | a long time after everything dies, so prepare to have a
                  | picnic waiting for it to clear.
 20720 | Lair:2   | quinnr: ??freezing cloud[3
 20720 | Lair:2   | beem: freezing cloud[3/3]: Sorbius: I imagine the dungeon
                  | is just hot as hell and the monsters are like, hell yeah
                  | AC! and then realise way to late what's really going on
 20725 | Lair:2   | Reached XP level 13. HP: 76/76 MP: 9/24
 21082 | Lair:2   | Reached *** piety under Vehumet
 21156 | Lair:2   | quinnr: ??conjure ball lightning
 21156 | Lair:2   | beem: ball lightning[1/3]: A projectile monster that
                  | explodes for 3d20 elec damage. They don't exist naturally,
                  | but Conjure Ball Lightning (L6 C/A in Sky) can make them,
                  | and are also in rare abyss, swamp, and aerie vaults. Cannot
                  | be conjured over water or lava. Remember that ones conjured
                  | will explode when they time out!
 21156 | Lair:2   | quinnr: ??conjure ball lightning[2
 21156 | Lair:2   | beem: ball lightning[2/3]: Ball lightning created by
                  | Conjure Ball Lightning explodes for 3d(11.25+power/16)
                  | damage.
 21156 | Lair:2   | quinnr: ??conjure ball lightning[3
 21156 | Lair:2   | beem: ball lightning[3/3]: !lg ahrin place=tomb:3 1 -tv
 21947 | Lair:3   | Found a hole to the Spider Nest.
 21963 | Lair:3   | Reached skill level 17 in Air Magic
 22756 | Lair:3   | Offered knowledge of Inner Flame by Vehumet.
 23739 | Lair:4   | Noticed a dire elephant
 24134 | Lair:4   | Reached skill level 5 in Evocations
 25503 | Lair:4   | Killed a dire elephant
 25503 | Lair:4   | Reached **** piety under Vehumet
 26885 | Lair:5   | Reached skill level 18 in Air Magic
 27117 | Lair:5   | Reached XP level 14. HP: 84/84 MP: 12/25
 27377 | Lair:6   | Entered Level 6 of the Lair of Beasts
 27377 | Lair:6   | Found a staircase to the Slime Pits.
 27513 | Lair:6   | Offered knowledge of Conjure Flame by Vehumet.
 27966 | Lair:6   | Found a runed translucent gate.
 27967 | Lair:6   | Found a runed translucent gate.
 28071 | Lair:6   | Noticed Likado's ghost (journeyman GnDe)
 28761 | Lair:5   | HP: 8/86 [cloud of freezing vapour (6)]
 29426 | Lair:6   | Noticed a dire elephant
 29426 | Lair:6   | Noticed a dire elephant
 29427 | Lair:6   | Noticed a dire elephant
 29460 | Lair:6   | Killed a dire elephant
 30017 | Lair:6   | Found a runed translucent gate.
 30412 | Lair:6   | Noticed a dire elephant
 30459 | Lair:6   | Killed a dire elephant
 30460 | Lair:6   | Reached skill level 10 in Fighting
 30824 | Lair:6   | Noticed a dire elephant
 30880 | Lair:6   | Killed a dire elephant
 31083 | Lair:6   | Learned a level 5 spell: Silence
 31305 | Lair:6   | quinnr: ??staff of earth
 31305 | Lair:6   | beem: magical staff[1/3]: (staves; +5 acc / 5 dam / 1.2
                  | base delay / 0.6 min delay). A one-handed staff that
                  | enhances the spellpower of spells in its respective school
                  | by 50% and has a chance of doing extra elemental damage
                  | {see magical staff[2]}. All but earth and conjurations also
                  | confer resistance of the appropriate type. Types: air,
                  | cold, conjurations, death, earth, fire, poison.
 32020 | Lair:6   | Reached skill level 19 in Air Magic
 33770 | Lair:6   | Killed a dire elephant
 33774 | Lair:6   | Killed a dire elephant
 34971 | Lair:6   | quinnr: ??obsidian statute
 34971 | Lair:6   | beem: obsidian statute ~ obsidian statue[1/1]: Summons the
                  | weaker demons (5, 4, and 3). Can see invisible and
                  | mesmerises you. Enjoy your sixfirhies. Previously known as
                  | a silver statue.
 34971 | Lair:6   | quinnr: ??obsidian statute[2
 34971 | Lair:6   | beem: I don't have a page labeled obsidian_statue[2] in my
                  | learndb.
 34971 | Lair:6   | quinnr: @?obsidian statute
 34971 | Lair:6   | beem: unknown monster: "obsidian statute"
 34971 | Lair:6   | quinnr: ??obsidian statue
 34971 | Lair:6   | beem: obsidian statue[1/1]: Summons the weaker demons (5,
                  | 4, and 3). Can see invisible and mesmerises you. Enjoy your
                  | sixfirhies. Previously known as a silver statue.
 34971 | Lair:6   | quinnr: @?obsidian statue
 34971 | Lair:6   | beem: obsidian statue (8)
                  | Spd: 10 (stationary)
                  | HD: 10
                  | | HP: 59-85
                  | AC/EV: 12/1
                  | non-living, evil, see invisible,
                  | unbreathing
                  | Res: will(invuln), fire++, cold++, elec,
                  | poison+++, drown, miasma, neg+++, torm
                  | XP:
   670 | Sp:      | sum.minor demon [!sil], sum.demon [!sil], mesmerise [!sil]
                  | | Sz: Large
                  | Int: human.
 35877 | Lair:5   | Killed Likado's ghost
 35878 | Lair:5   | Reached XP level 15. HP: 71/92 MP: 8/26
 36524 | D:10     | Killed DrabberRogue's ghost
 36787 | Orc:1    | Entered Level 1 of the Orcish Mines
 37559 | Orc:1    | Slain by an orc warrior

Illustrated notes

Levels and vault maps discovered:
D:1:      psy_arrival_spokes, layout_rooms, chequers_ecumenical_altar_grove
D:2:      layout_basic, basic_altar, serial_shops, nicolae_shop_statue_plus,
          patterned_corridor
D:3:      layout_basic, minmay_misc_feat_nine_boxes, minmay_fountain_box,
          minmay_liquid_box, roderic_serpentine_path, nrook_mini_vaults
D:4:      layout_basic, portal_sewer_entry_e, chequers_ossuary_entry_cave,
          hangedman_abyss_or_decor_lesser_grid, serial_park_tiny_1, uniq_robin,
          uniq_blork_the_orc
D:5:      layout_basic, uniq_sigmund
D:6:      layout_cave_pools, mainiacjoe_overflow_surrounded_room,
          minmay_temple_entry_poolview, kennysheep_pointless_box
D:7:      layout_layer_cave, serial_shops, nicolae_diamond_shop,
          grunt_decor_arrowhead, uniq_menkaure
D:8:      layout_basic, nicolae_gozag_seed_capital,
          eat_drink_and_be_merry_uskayaw, serial_shops, nicolae_shop_trees
D:9:      layout_roguey, kennysheep_cross_bottleneck
D:10:     layout_loops_ring, gammafunk_temple_overflow_wave, xom_shifter_show,
          ebering_ghost_inner_flame, minmay_misc_feat_plants,
          kennysheep_decorative_pillar
D:11:     layout_irregular_city, lair_entry_dummy
D:12:     kennysheep_bubbly, layout_basic, orc_0_dummy, serial_shops, shop,
          uniq_josephine
Temple:   nicolae_temple_elliptical
Lair:1:   layout_roguey, basic_altar, chequers_serial_rivers_micro_a,
          kennysheep_rathole
Lair:2:   layout_hall_layers, swamp_mist, portal_ice_cave_demonic_guard
Lair:3:   layout_small_grid, nicolae_spider_entry_non_spiders,
          forest_entry_grove
Lair:4:   beast_lair_carwin_large_4, layout_gridlike
Lair:5:   layout_cave_pods
Lair:6:   due_jungle_book, layout_small_grid, slime_dummy,
          maelrawn_ghost_gauntlet_escape
Orc:1:    layout_caves, serial_shops, shop

Skill      XL: |  1  2  3  4  5  6  7  8  9 10 11 12 13 14 |
---------------+-------------------------------------------+-----
Short Blades   | 1 2 |  2.6
Air Magic      | 5 6 7 9 11 12 14 16 18 19 | 19.9
Dodging        | 4 5 7 |  7.0
Stealth        | 4 |  4.0
Spellcasting   | 4 5 6 7 |  7.9
Fighting       | 2 5 6 7 8 10 | 10.0
Shields        | 1 4 |  4.0
Evocations     | 2 4 6 9 |  9.7
Conjurations   | 4 9 12 13 | 13.2

Action                   |  1- 3 |  4- 6 |  7- 9 | 10-12 | 13-15 || total
-------------------------+-------+-------+-------+-------+-------++-------
Melee: Short sword       |    10 |    86 |    60 |    29 |       ||   185
       Kick              |     1 |    17 |     9 |    13 |    18 ||    58
       Peck              |       |    12 |     7 |    13 |     7 ||    39
       Staff             |       |       |       |     7 |    21 ||    28
       Dagger            |       |       |       |     5 |       ||     5
       Trident           |       |       |       |     4 |    25 ||    29
Throw: Javelin           |       |     5 |       |     4 |       ||     9
 Cast: Shock             |    66 |    97 |   122 |   114 |    67 ||   466
       Airstrike         |       |     5 |    49 |   139 |   219 ||   412
       Mephitic Cloud    |       |       |       |     7 |    11 ||    18
       Freezing Cloud    |       |       |       |    45 |   173 ||   218
       Poisonous Vapours |       |       |       |    16 |    34 ||    50
       Conjure Ball Ligh |       |       |       |     4 |    23 ||    27
       Silence           |       |       |       |       |     1 ||     1
Evoke: Wand              |       |     8 |       |    12 |    25 ||    45
  Use: Scroll            |       |    11 |     4 |    12 |     4 ||    31
       Potion            |       |       |       |     6 |     3 ||     9
 Stab: Paralysed         |       |     3 |       |     4 |       ||     7
       Confused          |       |       |       |     1 |       ||     1
Armor: Robe              |     2 |    31 |    25 |    35 |    37 ||   130
Dodge: Dodged            |    10 |    66 |    45 |    86 |   160 ||   367
Block: Other             |     3 |    15 |    11 |     3 |       ||    32
       Reflection        |       |       |     1 |     8 |     1 ||    10
       Buckler           |       |       |       |    63 |   101 ||   164

Table legend: (Time is in decaauts)
 A = Elapsed time spent in this place.
 B = Non-inter-level travel time spent in this place.
 C = Inter-level travel time spent in this place.
 D = Time resting spent in this place.
 E = Time spent auto-exploring this place.
 F = Levels seen in this place.
 G = Mean time per level.
                   A        B        C        D        E       F      G
               +--------+--------+--------+--------+--------+-----+--------+
         Total |  36136 |  34535 |   1601 |  11573 |  17680 |  21 | 1720.8 |
       Dungeon |  17438 |  16534 |    904 |   4417 |   9852 |  12 | 1453.2 |
        Temple |    161 |    123 |     38 |      0 |    121 |   1 |  161.0 |
          Lair |  17704 |  17047 |    657 |   6891 |   7517 |   6 | 2950.7 |
  Orcish Mines |     35 |     35 |      0 |      0 |      0 |   1 |   35.0 |
       Ossuary |    796 |    796 |      0 |    265 |    188 |   1 |  796.0 |
               +--------+--------+--------+--------+--------+-----+--------+

Top non-repeatable levels by time:
  Lair:6: 5489 daAuts
  Lair:5: 4410 daAuts
    D:12: 2341 daAuts
    D:11: 2270 daAuts
  Lair:4: 2075 daAuts
  Lair:1: 2049 daAuts
  Lair:3: 1868 daAuts
  Lair:2: 1811 daAuts
     D:4: 1758 daAuts
    D:10: 1557 daAuts
     D:7: 1531 daAuts
     D:8: 1415 daAuts
     D:5: 1271 daAuts
     D:3: 1226 daAuts
     D:9: 1136 daAuts
